 Dungeon Crawl Stone Soup version 0.30-a0-743-gbfdf073431 (webtiles) character file.

Game seed: 10678959070069942357

1312 avis the Skirmisher (level 8, -2/68 HPs)
             Began as a Demigod Hunter on Feb 7, 2023.
             Slain by a sky beast (5 damage)
             ... on level 5 of the Dungeon.
             The game lasted 00:20:20 (4495 turns).

avis the Skirmisher (Demigod Hunter)                Turns: 4495, Time: 00:20:21

Health: -2/68      AC:  4    Str: 12    XL:     8   Next: 10%
Magic:  10/10      EV: 12    Int: 11    God:
Gold:   298        SH:  0    Dex: 25    Spells: 7/7 levels left

rFire   . . .      SeeInvis .    b - +4 sling "Poet" {heavy, rC- rN++}
rCold   x . .      Faith    .    (no shield)
rNeg    + + .      Spirit   .    c - +0 leather armour
rPois   .          Reflect  .    s - +0 helmet
rElec   .          Harm     .    (no cloak)
rCorr   .          Rampage  .    (no gloves)
Will    .....                    (no boots)
Stlth   ++                       (no amulet)
HPRegen 0.31/turn                v - +4 ring of slaying
MPRegen 0.12/turn                (no ring)

@: brilliant
A: high MP 1, forlorn, divine attributes
a: no special abilities


You were on level 5 of the Dungeon.
You visited 2 branches of the dungeon, and saw 7 of its levels.

You collected 298 gold pieces.

Inventory:

Hand Weapons
 a - a +2 dagger of venom
 b - the +4 sling "Poet" (weapon) {heavy, rC- rN++}
   (You found it on level 2 of the Dungeon)

   rC:        It makes you vulnerable to cold.
   rN:        It greatly protects you from negative energy.
 q - a +4 dagger
 w - a +3 dagger
Missiles
 n - 2 poisoned darts
Armour
 c - a +0 leather armour (worn)
 s - a +0 helmet (worn)
Jewellery
 v - a +4 ring of slaying (left hand)
 B - a ring of ice
Wands
 k - a wand of paralysis (3)
Scrolls
 d - 2 scrolls of amnesia {unknown}
 e - 3 scrolls of noise {unknown}
 f - a scroll of summoning {unknown}
 g - 2 scrolls of magic mapping {unknown}
 h - a scroll of blinking {unknown}
 i - 10 scrolls of identify {unknown}
 j - a scroll of vulnerability {unknown}
 t - 2 scrolls of immolation
 u - a scroll of torment {unknown}
 A - a scroll of fog {unknown}
Potions
 l - a potion of mutation {unknown}
 m - a potion of might {unknown}
 o - a potion of degeneration {unknown}
 p - a potion of flight {unknown}
 r - a potion of brilliance
 C - a potion of curing {unknown}


   Skills:
 - Level 5.0 Fighting
 * Level 8.9 Ranged Weapons
 - Level 1.7 Dodging
 - Level 0.8 Stealth


You had 7 spell levels left.
You didn't know any spells.
Your spell library contained the following spells:

 Spells                   Type           Power      Damage    Failure   Level
 Ensorcelled Hibernation  Hex/Ice        0%         N/A       56%         2
 Passwall                 Tmut/Erth      0%         N/A       56%         2
 Call Canine Familiar     Summ           0%         N/A       80%         3
 Frozen Ramparts          Ice            0%         1d1       80%         3
 Portal Projectile        Hex/Tloc       0%         N/A       80%         3
 Swiftness                Air            0%         N/A       80%         3
 Ice Form                 Ice/Tmut       0%         N/A       99%         4
 Leda's Liquefaction      Hex/Erth       0%         N/A       99%         4
 Summon Ice Beast         Ice/Summ       0%         N/A       99%         4


Dungeon Overview and Level Annotations

Branches:
Dungeon (6/15)             Temple (1/1) D:5

Annotations:
D:4 1 runed translucent door, exclusion: door, Crazy Yiuf


Innate Abilities, Weirdness & Mutations

You have an increased reservoir of magic. (+10% MP)
You shall have no god before yourself.
Your divine heritage dramatically boosts your attributes as you level up.


Message History

You shoot a sling bullet. Something hits you. Something shocks you.
A bullfrog comes into view.
Fire: b) +4 sling "Poet" {heavy, rC- rN++}
Press: ? - help, Q - select action, (/) - cycle Shift-Dir - straight line, f - bullfrog
Aim: a bullfrog (69% to hit)
Okay, then.
Something hits you but does no damage.
You climb upwards.
Reactivating autopickup.
There is a stone staircase leading down, spattered with blood here.
Fire: b) +4 sling "Poet" {heavy, rC- rN++}
Press: ? - help, Q - select action, (/) - cycle Shift-Dir - straight line You shoot a sling bullet.
Something hits you. Something shocks you.
Deactivating autopickup; reactivate with Ctrl-A.
Fire: b) +4 sling "Poet" {heavy, rC- rN++}
Press: ? - help, Q - select action, (/) - cycle Shift-Dir - straight line, f - you Really target yourself?
Okay, then.
Fire: b) +4 sling "Poet" {heavy, rC- rN++}
Press: ? - help, Q - select action, (/) - cycle Shift-Dir - straight line You shoot a sling bullet.
Something hits you but does no damage. Something hits you.
* * * LOW HITPOINT WARNING * * *
Something shocks you.
* * * LOW HITPOINT WARNING * * *
Fire: b) +4 sling "Poet" {heavy, rC- rN++}
Press: ? - help, Q - select action, (/) - cycle Shift-Dir - straight line You shoot a sling bullet.
Something hits you.
* * * LOW HITPOINT WARNING * * *
Something shocks you.
* * * LOW HITPOINT WARNING * * *
It was a potion of brilliance.
You feel clever all of a sudden. Something hits you.
* * * LOW HITPOINT WARNING * * *
Something shocks you.
You die...

≈≈.......#
#..##########.#####.
≈≈≈≈....## #...# #.#
#. ≈≈≈≈≈≈..# #.#.#
#.# #.
.≈≈≈≈≈≈.######.#.#
#.# #.
.≈≈≈≈≈≈.#......#.#
#.# #.
.≈≈≈≈≈≈...######.#
#.# #. ≈~≈≈≈≈≈.#.#
#.# #.# #.
≈≈~~≈≈...##
#[#########.# #.
≈≈≈≈....##
#@##........# #.
≈≈.[....####
#{##.############.
.))(.......#####.##.#
#........
...##...............#
#.#######
##.###...#.#####.####
#.# #.# ##..).......#
#.# #.# ####.#####.#
#.# #.# #.......# #.#
#.# #######.# #.#


There were no monsters in sight!

Vanquished Creatures
  An orc warrior (D:5)
  2 black bears
  An ogre (D:5)
  A kobold brigand (D:5)
  2 scorpions
  A necrophage (D:3)
  4 wights
  A howler monkey (D:5)
  3 hounds
  2 gnoll boudas
  2 iguanas (D:5)
  Robin (D:2)
  7 gnolls
  6 adders
  2 worms
  6 dart slugs
  17 orcs
  6 bats
  3 endoplasms
  9 giant cockroaches
  11 goblins
  8 hobgoblins
  4 jackals (D:5)
  2 kobolds (D:1)
  3 quokkas
  7 ball pythons
  2 frilled lizards
  5 rats
119 creatures vanquished.

Vanquished Creatures (others)
  5 plants (D:6)
5 creatures vanquished.

Grand Total: 124 creatures vanquished

Notes
Turn   | Place    | Note
-------+----------+-------------------------------------------
     0 | D:1      | avis the Demigod Hunter began the quest for the Orb.
     0 | D:1      | Reached XP level 1. HP: 17/17 MP: 3/3
   364 | D:1      | Reached skill level 4 in Ranged Weapons
   372 | D:1      | Reached XP level 2. HP: 24/24 MP: 4/4
   988 | D:2      | Identified the +4 sling "Poet" {heavy, rC- rN++}
  1132 | D:2      | Reached XP level 3. HP: 30/30 MP: 5/5
  1132 | D:2      | Noticed Robin
  1154 | D:2      | Killed Robin
  1647 | D:3      | Reached XP level 4. HP: 38/38 MP: 6/6
  2338 | D:4      | Noticed a necrophage
  2345 | D:3      | Killed a necrophage
  2346 | D:3      | Reached skill level 5 in Ranged Weapons
  2346 | D:3      | Reached XP level 5. HP: 41/45 MP: 7/7
  2367 | D:4      | Noticed a black bear
  2478 | D:3      | Killed a black bear
  2479 | D:3      | Reached skill level 6 in Ranged Weapons
  2673 | D:4      | Reached XP level 6. HP: 47/52 MP: 8/8
  2720 | D:4      | Found a runed translucent door.
  2721 | D:4      | Noticed Crazy Yiuf
  3142 | D:5      | Entered Level 5 of the Dungeon
  3337 | D:5      | Found a staircase to the Ecumenical Temple.
  3387 | Temple   | Entered the Ecumenical Temple
  3500 | D:5      | Reached skill level 7 in Ranged Weapons
  3581 | D:5      | Reached XP level 7. HP: 59/59 MP: 9/9
  4008 | D:5      | Reached skill level 8 in Ranged Weapons
  4313 | D:5      | Reached skill level 5 in Fighting
  4428 | D:5      | Reached XP level 8. HP: 62/68 MP: 10/10
  4495 | D:5      | HP: 3/68 [something (4)]
  4495 | D:5      | Slain by a sky beast

Illustrated notes

Levels and vault maps discovered:
D:1:      roderic_chinese_lattice_arrival, layout_loops_cross, minivault_5
D:2:      layout_basic, basic_altar, kennysheep_generic_room_13, uniq_robin
D:3:      layout_loops_ring, lemuel_tele_altar, mainiacjoe_overflow_paths,
          nicolae_tso_carved_into_rock, minmay_misc_feat_encased
D:4:      layout_rooms, mainiacjoe_overflow_tiny_flanked, kennysheep_crisscross,
          uniq_crazy_yiuf_cottage
D:5:      layout_loops_ring, temple_pool_b
D:6:      layout_loops_ring, serial_shops, shop, dk_noncrumbling_4,
          minmay_misc_feat_secret_circle, serial_bayou_pond_b, uniq_sigmund
Temple:   eino_temple_water

Skill      XL: |  1  2  3  4  5  6  7 |
---------------+----------------------+-----
Fighting       | 2 3 4 5 |  5.0
Ranged Weapons | 4 5 6 7 8 |  8.9
Dodging        | |  1.7
Stealth        | |  0.8

Action                     |  1- 3 |  4- 6 |  7- 9 || total
---------------------------+-------+-------+-------++-------
  Melee: Dagger            |       |     1 |       ||     1
   Fire: Shortbow          |    71 |       |       ||    71
         Sling             |    39 |   118 |    49 ||   206
    Use: Potion            |       |       |     1 ||     1
 Armour: Leather armour    |    19 |    12 |    12 ||    43
  Dodge: Dodged            |    41 |    45 |    32 ||   118

Table legend: (Time is in decaauts)
 A = Elapsed time spent in this place.
 B = Non-inter-level travel time spent in this place.
 C = Inter-level travel time spent in this place.
 D = Time resting spent in this place.
 E = Time spent auto-exploring this place.
 F = Levels seen in this place.
 G = Mean time per level.
                   A        B        C        D        E       F      G
               +--------+--------+--------+--------+--------+-----+--------+
         Total |   4668 |   4165 |    503 |    735 |   2379 |   7 |  666.9 |
       Dungeon |   4605 |   4102 |    503 |    681 |   2379 |   6 |  767.5 |
        Temple |     63 |     63 |      0 |     54 |      0 |   1 |   63.0 |
               +--------+--------+--------+--------+--------+-----+--------+

Top non-repeatable levels by time:
     D:5: 1238 daAuts
     D:3: 923 daAuts
     D:1: 852 daAuts
     D:2: 848 daAuts
     D:4: 672 daAuts
     D:6: 71 daAuts
  Temple: 63 daAuts
